 Dungeon Crawl Stone Soup version 0.22-a0-469-gf26638a71f (webtiles) character file.

1955 Foic the Grappler (level 8, 0/78 HPs)
             Began as a Troll Fighter on June 13, 2018.
             Succumbed to a killer bee's poison
             ... on level 6 of the Dungeon.
             The game lasted 00:28:34 (5341 turns).

Foic the Grappler (Troll Fighter)                   Turns: 5341, Time: 00:28:34

Health: 0/78       AC:  7    Str: 26    XL:     8   Next: 99%
Magic:  7/7        EV: 11    Int:  4    God:
Gold:   411        SH:  0    Dex: 10    Spells: 7/7 levels left

rFire    . . .     SeeInvis .     - Unarmed
rCold    + . .     Gourm    +   (no shield)
rNeg     . . .     Faith    .   a - +0 robe
rPois    .         Spirit   .   (helmet restricted)
rElec    .         Reflect  .   f - +1 cloak
rCorr    .         Harm     .   (gloves unavailable)
MR       .....                  (boots unavailable)
Stlth    +.........             (no amulet)
HPRegen  0.63/turn              k - ring of protection from cold
MPRegen  0.10/turn              p - ring of wizardry

@: lethally poisoned (0 -> -5)
A: large, unfitting armour, claws 3, fast metabolism 3, gourmand, regeneration
1, shaggy fur 1, tough skin 2
a: no special abilities


You were on level 6 of the Dungeon.
You were completely stuffed.

You visited 2 branches of the dungeon, and saw 8 of its levels.

You collected 411 gold pieces.

Inventory:

Missiles
 b - 185 stones (quivered)
Armour
 a - a +0 robe (worn)
 f - a +1 cloak (worn)
Jewellery
 k - a ring of protection from cold (left claw)
 p - a ring of wizardry (right claw)
Wands
 j - a wand of disintegration (17)
 n - a wand of paralysis (15)
Scrolls
 e - 7 scrolls of identify
 g - 6 scrolls of teleportation
 i - 5 scrolls of remove curse
 m - 2 scrolls of random uselessness
 t - a scroll of magic mapping
 u - a scroll of enchant weapon {unknown}
Potions
 c - 3 potions of might
 l - a potion of invisibility
 o - 3 potions of brilliance
Comestibles
 d - 20 rations


   Skills:
 + Level 4.0 Fighting
 + Level 5.1 Dodging
   Level 2.4 Shields
 + Level 9.8 Unarmed Combat


You had 7 spell levels left.
You didn't know any spells.
Your spell library contained the following spells:

 Spells                   Type           Power        Failure   Level  Hunger
 Magic Dart               Conj           #...         22%         1    ##.....
 Lightning Bolt           Conj/Air       #.........   99%         5    ######.
 Iskenderun's Mystic Bla  Conj           #.......     89%         4    #####..
 Shatter                  Erth           #.........   100%        9    #######
 Static Discharge         Conj/Air       #.......     52%         3    ####...
 Tornado                  Air            #.........   100%        9    #######
 Fulminant Prism          Conj/Hex       #.........   89%         4    #####..
 Dazzling Spray           Conj/Hex       #.....       52%         3    ####...
 Force Lance              Conj/Tloc      #.......     89%         4    #####..
 Searing Ray              Conj           #.....       32%         2    ###....
 Ignition                 Fire           #.........   100%        8    #######


Dungeon Overview and Level Annotations

Branches:
Dungeon (7/15)             Temple (1/1) D:4

Altars:
Ashenzari
Dithmenos
Fedhas
Gozag
Kikubaaqudgha
Makhleb
Okawaru
Qazlal
Ru
Sif Muna
Trog
Uskayaw
Vehumet
Wu Jian
Yredelemnul
Zin
The Shining One

Annotations:
D:3 2 transporters


Innate Abilities, Weirdness & Mutations

You are too large for most types of armour.
You have claws for hands.
Your metabolism is lightning-fast.
You like to eat raw meat.
Your natural rate of healing is unusually fast.
You are covered in fur. (AC +1)
You have very tough skin. (AC +2)


Message History

* * * LOW HITPOINT WARNING * * *
You feel sick.
Unknown command.
As you read the scroll labeled XUIHOI ZUVUIB, it crumbles to dust.
You feel blessed for a moment.
It was a scroll of remove curse.
* * * LOW HITPOINT WARNING * * *
You feel sick.
As you read the scroll labeled PULISU PUBLAO, it crumbles to dust.
You smell pepper.
It was a scroll of random uselessness.
* * * LOW HITPOINT WARNING * * *
You feel sick.
As you read the scroll labeled MAXANWI VAUMO, it crumbles to dust.
It is a scroll of enchant armour.
Your +0 cloak glows green for a moment.
Your surroundings seem slightly different.
* * * LOW HITPOINT WARNING * * *
You feel sick.
As you read the scroll labeled CEBIRUO ZIGYTS, it crumbles to dust.
You feel momentarily disoriented.
It was a scroll of magic mapping.
You die...

##############
#............#
##############............#
##...........##.@..........#
#............##............#
'............+..>..........#
#............##............#
#....###.###...............#
#....# #.###.####'######'###
#....# #.#....#...# #....#
###### #.#.#....#.# #.##.#
#####.#'##.#.#.# #....#


There were no monsters in sight!

Vanquished Creatures
  Edmund (D:6)
  An ice beast (D:6)
  3 ogres
  A centaur (D:5)
  2 bullfrogs (D:6)
  3 scorpions
  6 killer bees
  A howler monkey (D:4)
  2 crimson imps
  A jelly (D:5)
  7 orc priests
  4 orc wizards
  A centaur skeleton (D:4)
  A bullfrog skeleton (D:6)
  Jessica (D:3)
  5 worker ants
  An iguana (D:4)
  A hound skeleton (D:4)
  7 adders
  2 adder skeletons
  2 worms
  2 dart slugs
  4 leopard geckos
  14 orcs
  7 bats
  7 giant cockroaches
  8 goblins
  6 hobgoblins
  8 jackals
  3 quokkas
  5 frilled lizards
  9 kobolds
  2 quokka skeletons
  A quokka zombie (D:5)
  8 rats
137 creatures vanquished.

Vanquished Creatures (others)
  5 plants (D:4)
5 creatures vanquished.

Grand Total: 142 creatures vanquished

Notes
Turn   | Place    | Note
-------+----------+-------------------------------------------
     0 | D:1      | Foic the Troll Fighter began the quest for the Orb.
     0 | D:1      | Reached XP level 1. HP: 22/22 MP: 0/0
   151 | D:1      | Reached XP level 2. HP: 29/29 MP: 1/1
  1032 | D:2      | Reached XP level 3. HP: 36/36 MP: 2/2
  1451 | D:2      | Noticed an ogre
  1461 | D:2      | Killed an ogre
  1461 | D:2      | Reached skill level 3 in Unarmed Combat
  1461 | D:2      | Reached XP level 4. HP: 23/45 MP: 3/3
  1461 | D:2      | Reached XP level 5. HP: 27/53 MP: 4/4
  1753 | D:3      | Found a faded altar of an unknown god.
  1856 | D:3      | Found a transporter.
  1912 | D:3      | Reached skill level 4 in Unarmed Combat
  2031 | D:3      | Found a transporter.
  2075 | D:3      | Noticed Jessica
  2085 | D:3      | Killed Jessica
  2313 | D:4      | Noticed an ogre
  2321 | D:4      | Killed an ogre
  2321 | D:4      | Reached XP level 6. HP: 19/61 MP: 5/5
  2333 | D:4      | Reached skill level 5 in Unarmed Combat
  2485 | D:4      | Found a staircase to the Ecumenical Temple.
  2497 | Temple   | Entered the Ecumenical Temple
  3174 | D:4      | Reached skill level 6 in Unarmed Combat
  3174 | D:4      | Reached XP level 7. HP: 67/67 MP: 6/6
  3379 | D:5      | Entered Level 5 of the Dungeon
  3453 | D:5      | Found an iron altar of Okawaru.
  3627 | D:5      | Reached skill level 7 in Unarmed Combat
  4030 | D:5      | Reached XP level 8. HP: 60/75 MP: 7/7
  4203 | D:5      | Reached skill level 8 in Unarmed Combat
  4510 | D:6      | Found an iron altar of Okawaru.
  4984 | D:6      | Noticed Edmund
  4997 | D:6      | Killed Edmund
  4997 | D:6      | Reached skill level 9 in Unarmed Combat
  5233 | D:7      | Reached skill level 5 in Dodging
  5252 | D:7      | HP: 3/78 [poisoned by a killer bee]
  5258 | D:7      | HP: 3/78 [poisoned by a killer bee]
  5338 | D:6      | HP: 2/78 [poisoned by a killer bee]
  5341 | D:6      | Succumbed to a killer bee's poison

Vault maps used:
D:1:      erik_arrival_cave_to_civilisation
D:3:      gammafunk_wand_slinger, chequers_ecumenical_altar_grove, uniq_jessica
D:4:      minmay_temple_entry_statues_pillars, first_ration,
          corexii_leaking_fountain, serial_bayou_lake_a
D:5:      marbit_many_paths
D:6:      basic_altar, dk_noncrumbling_4, uniq_edmund
D:7:      overflow_temple_1_default
Temple:   nicolae_temple_elliptical

Skill      XL: |  1  2  3  4  5  6  7  8 |
---------------+-------------------------+-----
Dodging        | 3 4 5 |  5.1
Fighting       | 3 4 |  4.0
Unarmed Combat | 3 4 6 7 9 |  9.8
Shields        | |  2.4

Action                   |  1- 3 |  4- 6 |  7- 9 || total
-------------------------+-------+-------+-------++-------
Melee: Unarmed           |   128 |   143 |   138 ||   409
       Punch             |       |     2 |     3 ||     5
  Use: Potion            |     4 |     2 |     5 ||    11
       Scroll            |     1 |       |     7 ||     8
 Stab: Sleeping          |     1 |       |       ||     1
  Eat: Chunk             |    19 |    16 |    18 ||    53
       Ration            |       |       |     1 ||     1
Armor: Robe              |    49 |    42 |    27 ||   118
Dodge: Dodged            |    58 |    57 |    53 ||   168

Table legend:
 A = Spawn XP
 B = Non-spawn XP
 C = Spawn XP percentage of total XP
 D = Spawn monster count
 E = Non-spawn monster count
 F = Spawn count percentage of total count
 G = Total turns spent on level
                    A         B        C        D         E        F      G
               +---------+---------+-------+---------+---------+-------+---------
         Total |       0 |    2793 |   0.0 |       0 |     137 |   0.0 |  5341
               +---------+---------+-------+---------+---------+-------+---------
           D:1 |       0 |      33 |   0.0 |       0 |      19 |   0.0 |  1022
           D:2 |       0 |     174 |   0.0 |       0 |      27 |   0.0 |   707
           D:3 |       0 |     103 |   0.0 |       0 |      21 |   0.0 |   512
           D:4 |       0 |     642 |   0.0 |       0 |      30 |   0.0 |   836
           D:5 |       0 |     698 |   0.0 |       0 |      23 |   0.0 |  1089
           D:6 |       0 |     782 |   0.0 |       0 |      11 |   0.0 |   737
           D:7 |       0 |     361 |   0.0 |       0 |       6 |   0.0 |   136
               +---------+---------+-------+---------+---------+-------+---------
